TOP OF THE 1ST |
San Francisco Bandits batting - Pitching for So Cal Bruins : RHP Orlando Trinidad
|
Pitching: RHP Orlando Trinidad
|
|
Batting: RHB Scott Merritt
|
0-0: SINGLE (Groundball, 4M) (infield hit)
|
Batting: RHB Peter Bishop
|
0-0: Fly out, F3 (Popup, 3SF)
|
Batting: LHB Chris Austin
|
0-0: Called Strike 0-1: Ball 1-1: DOUBLE (Flyball, 8LXD) Scott Merritt to third
|
Batting: RHB Owen Carter
|
0-0: 3-RUN HOME RUN (Flyball, 78XD), Distance : 389 ft
|
Batting: LHB Mario García
|
0-0: Ball 1-0: Ball 2-0: Called Strike 2-1: Foul Ball, location: 2F 2-2: Foul Ball, location: 2F 2-2: DOUBLE (Flyball, 8LXD)
|
Batting: RHB Michael Elliott
|
0-0: Ball 1-0: Ball 2-0: Called Strike 2-1: Ball 3-1: SINGLE (Line Drive, 78S) Mario García to third Runner from 3rd tries for Home, throw and OUT! Michael Elliott to second
|
Batting: LHB Alan McGilroy
|
0-0: Ground out U3 (Groundball, 34)
|
Top of the 1st over - 3 runs, 5 hits, 0 errors, 1 left on base; San Francisco 3 - So Cal 0 |
BOTTOM OF THE 1ST |
So Cal Bruins batting - Pitching for San Francisco Bandits : LHP Jesús López
|
Pitching: LHP Jesús López
|
|
Batting: RHB Dani Vázquez
|
0-0: Called Strike 0-1: Ball 1-1: Foul Ball, location: 2F 1-2: Strikes out swinging
|
Batting: RHB Greg King
|
0-0: Ball 1-0: Called Strike 1-1: Foul Ball, location: 2F 1-2: Fly out, F8 (Flyball, 8RS)
|
Batting: LHB José Antonio Santiago
|
0-0: SOLO HOME RUN (Flyball, 9LD), Distance : 336 ft
|
Batting: RHB Earl Wiggins
|
0-0: Ball 1-0: Foul Ball, location: 2F 1-1: Ball 2-1: Foul Ball, location: 2F 2-2: Ball 3-2: Base on Balls
|
Batting: RHB Rubén Calderón
|
0-0: Foul Ball, location: 2F 0-1: Ball 1-1: Ground out 1-3 (Groundball, P)
|
Bottom of the 1st over - 1 run, 1 hit, 0 errors, 1 left on base; San Francisco 3 - So Cal 1 |
TOP OF THE 2ND |
San Francisco Bandits batting - Pitching for So Cal Bruins : RHP Orlando Trinidad
|
Batting: RHB Javier Ramírez
|
0-0: Fly out, F7 (Line Drive, 7)
|
Batting: RHB Lorenzo Mota
|
0-0: Ball 1-0: Ground out 4-3 (Groundball, 4)
|
Batting: RHB Scott Merritt
|
0-0: Called Strike 0-1: Fly out, F9 (Line Drive, 9)
|
Top of the 2nd over - 0 runs, 0 hits, 0 errors, 0 left on base; San Francisco 3 - So Cal 1 |
BOTTOM OF THE 2ND |
So Cal Bruins batting - Pitching for San Francisco Bandits : LHP Jesús López
|
Batting: RHB Roberto Cruz
|
0-0: Ball 1-0: Called Strike 1-1: Fly out, F9 (Flyball, 9LS)
|
Batting: RHB Pedro Mata
|
0-0: Ball 1-0: Called Strike 1-1: Ground out 4-3 (Groundball, 4)
|
Batting: RHB Adrian Prouse
|
0-0: Swinging Strike 0-1: Ball 1-1: SINGLE (Groundball, 6MD)
|
Batting: RHB José Delgado
|
0-0: Foul Ball, location: 2F 0-1: Ball Pickoff Throw to First - Error! E1 Adrian Prouse to second 1-1: Ball 2-1: Fly out, F6 (Line Drive, 6)
|
Bottom of the 2nd over - 0 runs, 1 hit, 1 error, 1 left on base; San Francisco 3 - So Cal 1 |
TOP OF THE 3RD |
San Francisco Bandits batting - Pitching for So Cal Bruins : RHP Orlando Trinidad
|
Batting: RHB Peter Bishop
|
0-0: Swinging Strike 0-1: Swinging Strike 0-2: Ball 1-2: Foul Ball, location: 2F 1-2: Ball 2-2: Strikes out swinging
|
Batting: LHB Chris Austin
|
0-0: Ball 1-0: Ground out 6-3 (Groundball, 6)
|
Batting: RHB Owen Carter
|
0-0: Swinging Strike 0-1: Foul Ball, location: 2F 0-2: Strikes out swinging
|
Top of the 3rd over - 0 runs, 0 hits, 0 errors, 0 left on base; San Francisco 3 - So Cal 1 |
BOTTOM OF THE 3RD |
So Cal Bruins batting - Pitching for San Francisco Bandits : LHP Jesús López
|
Batting: RHB Dani Vázquez
|
0-0: Foul Ball, location: 2F 0-1: Ball 1-1: Called Strike 1-2: Fly out, F6 (Line Drive, 6M)
|
Batting: RHB Greg King
|
0-0: Ball 1-0: Foul Ball, location: 2F 1-1: Foul Ball, location: 2F 1-2: Foul Ball, location: 2F 1-2: Ball 2-2: Foul Ball, location: 2F 2-2: Ground out 5-3 (Groundball, 56S)
|
Batting: LHB José Antonio Santiago
|
0-0: Called Strike 0-1: Swinging Strike 0-2: Foul Ball, location: 2F 0-2: Ball 1-2: Fly out, F8 (Flyball, 89D)
|
Bottom of the 3rd over - 0 runs, 0 hits, 0 errors, 0 left on base; San Francisco 3 - So Cal 1 |
TOP OF THE 4TH |
San Francisco Bandits batting - Pitching for So Cal Bruins : RHP Orlando Trinidad
|
Batting: LHB Mario García
|
0-0: Called Strike 0-1: Fly out, F7 (Line Drive, 78S)
|
Batting: RHB Michael Elliott
|
0-0: Swinging Strike 0-1: Ball 1-1: Ball 2-1: Swinging Strike 2-2: Strikes out swinging
|
Batting: LHB Alan McGilroy
|
0-0: Fly out, F8 (Flyball, 8RXD)
|
Top of the 4th over - 0 runs, 0 hits, 0 errors, 0 left on base; San Francisco 3 - So Cal 1 |
BOTTOM OF THE 4TH |
So Cal Bruins batting - Pitching for San Francisco Bandits : LHP Jesús López
|
Batting: RHB Earl Wiggins
|
0-0: Foul Ball, location: 2F 0-1: Foul Ball, location: 2F 0-2: SINGLE (Groundball, 34D)
|
Batting: RHB Rubén Calderón
|
0-0: Fly out, F8 (Flyball, 8RD)
|
Batting: RHB Roberto Cruz
|
0-0: Ball 1-0: SINGLE (Groundball, 4MD) Earl Wiggins to second
|
Batting: RHB Pedro Mata
|
0-0: Ball 1-0: Called Strike 1-1: Ground out 6-3 (Groundball, 6S) Earl Wiggins to third Roberto Cruz to second
|
Batting: RHB Adrian Prouse
|
0-0: Ball 1-0: SINGLE (Groundball, 6MD) Earl Wiggins scores Roberto Cruz to third Runner from 3rd tries for Home, SAFE, no throw
|
Batting: RHB José Delgado
|
0-0: Called Strike 0-1: Swinging Strike 0-2: Ball 1-2: SINGLE (Groundball, 34D) Adrian Prouse to second Runner from 2nd tries for 3rd, OUT!
|
Bottom of the 4th over - 2 runs, 4 hits, 0 errors, 1 left on base; San Francisco 3 - So Cal 3 |
TOP OF THE 5TH |
San Francisco Bandits batting - Pitching for So Cal Bruins : RHP Orlando Trinidad
|
Batting: RHB Javier Ramírez
|
0-0: Ball 1-0: Ball 2-0: Ball 3-0: Base on Balls
|
Batting: RHB Lorenzo Mota
|
0-0: Foul Ball, location: 2F 0-1: Fly out, F3 (Popup, 3F)
|
Batting: RHB Scott Merritt
|
0-0: Called Strike 0-1: Foul Ball, location: 2F 0-2: Ball 1-2: 2-RUN HOME RUN (Line Drive, 9LD), Distance : 334 ft
|
Batting: RHB Peter Bishop
|
0-0: Ball 1-0: Foul Ball, location: 2F 1-1: Called Strike 1-2: Strikes out swinging
|
Batting: LHB Chris Austin
|
0-0: Called Strike 0-1: Foul Ball, location: 2F 0-2: Strikes out swinging
|
Top of the 5th over - 2 runs, 1 hit, 0 errors, 0 left on base; San Francisco 5 - So Cal 3 |
BOTTOM OF THE 5TH |
So Cal Bruins batting - Pitching for San Francisco Bandits : LHP Jesús López
|
Batting: RHB Dani Vázquez
|
0-0: Ball 1-0: Swinging Strike 1-1: Ball 2-1: Ball 3-1: Called Strike 3-2: Ground out U3 (Groundball, 3)
|
Batting: RHB Greg King
|
0-0: Ball 1-0: Swinging Strike 1-1: Fly out, F7 (Line Drive, 7)
|
Batting: LHB José Antonio Santiago
|
0-0: Called Strike 0-1: Fly out, F9 (Flyball, 9LSF)
|
Bottom of the 5th over - 0 runs, 0 hits, 0 errors, 0 left on base; San Francisco 5 - So Cal 3 |
TOP OF THE 6TH |
San Francisco Bandits batting - Pitching for So Cal Bruins : RHP Orlando Trinidad
|
Batting: RHB Owen Carter
|
0-0: Hit by Pitch
|
Batting: LHB Mario García
|
0-0: Called Strike 0-1: Foul Ball, location: 2F 0-2: Ball 1-2: Ball 2-2: Strikes out looking
|
Batting: RHB Michael Elliott
|
0-0: Ball 1-0: Foul Ball, location: 2F 1-1: Foul Ball, location: 2F 1-2: Ball 2-2: 2-RUN HOME RUN (Flyball, 7D), Distance : 351 ft
|
Batting: LHB Alan McGilroy
|
0-0: Ball 1-0: Ball 2-0: Ball 3-0: Base on Balls
|
Pitching: RHP Flint Gray
|
|
Batting: RHB Javier Ramírez
|
0-0: Called Strike 0-1: Grounds into double play, 1-6-3 (Groundball, 13S)
|
Top of the 6th over - 2 runs, 1 hit, 0 errors, 0 left on base; San Francisco 7 - So Cal 3 |
BOTTOM OF THE 6TH |
So Cal Bruins batting - Pitching for San Francisco Bandits : LHP Jesús López
|
Batting: RHB Earl Wiggins
|
0-0: Foul Ball, location: 2F 0-1: SINGLE (Line Drive, 9S)
|
Batting: RHB Rubén Calderón
|
0-0: Foul Ball, location: 2F 0-1: Ball 1-1: Called Strike 1-2: Strikes out swinging
|
Batting: RHB Roberto Cruz
|
0-0: Called Strike 0-1: Ball 1-1: Swinging Strike 1-2: Grounds into double play, 6-4-3 (Groundball, 6)
|
Bottom of the 6th over - 0 runs, 1 hit, 0 errors, 0 left on base; San Francisco 7 - So Cal 3 |
TOP OF THE 7TH |
San Francisco Bandits batting - Pitching for So Cal Bruins : RHP Flint Gray
|
Batting: RHB Lorenzo Mota
|
0-0: SINGLE (Line Drive, 56)
|
Batting: RHB Scott Merritt
|
0-0: Ball 1-0: Bunted foul 1-1: SINGLE (Groundball, 4D) Lorenzo Mota to second Lorenzo Mota to third
|
Batting: RHB Peter Bishop
|
0-0: Ball 1-0: Foul Ball, location: 2F 1-1: Foul Ball, location: 2F 1-2: Ball 2-2: Reached on error, E4 (Groundball, 4) Lorenzo Mota scores Scott Merritt to third
|
Batting: LHB Chris Austin
|
0-0: Ball 1-0: Ball 2-0: Called Strike 2-1: Ball 3-1: Ground out U3 (Groundball, 23)
|
Batting: RHB Owen Carter
|
0-0: Ball 1-0: Foul Ball, location: 2F 1-1: Ball 2-1: Foul Ball, location: 2F 2-2: Foul Ball, location: 2F 2-2: Foul Ball, location: 2F 2-2: Reached on error, E4 (Groundball, 4M) Scott Merritt scores Peter Bishop scores
|
Batting: LHB Mario García
|
0-0: Ball 1-0: Called Strike 1-1: Ball 2-1: Called Strike 2-2: Foul Ball, location: 2F 2-2: Ball 3-2: Foul Ball, location: 2F 3-2: Foul Ball, location: 2F 3-2: Base on Balls
|
Batting: RHB Michael Elliott
|
0-0: Called Strike 0-1: Foul Ball, location: 2F 0-2: Ball 1-2: Fly out, F8 (Flyball, 89D)
|
Batting: LHB Alan McGilroy
|
0-0: Called Strike 0-1: Ground out 4-3 (Groundball, 4)
|
Top of the 7th over - 3 runs, 2 hits, 2 errors, 2 left on base; San Francisco 10 - So Cal 3 |
BOTTOM OF THE 7TH |
So Cal Bruins batting - Pitching for San Francisco Bandits : LHP Jesús López
|
Batting: RHB Pedro Mata
|
0-0: Ball 1-0: Ball 2-0: Ball 3-0: Called Strike 3-1: Base on Balls
|
Batting: RHB Adrian Prouse
|
0-0: Ball 1-0: Fielders Choice at 2nd, 3-6 (Groundball, 34)
|
Batting: RHB José Delgado
|
0-0: Ball 1-0: Swinging Strike 1-1: Swinging Strike 1-2: Fielders Choice at 2nd, 6-4 (Groundball, 6)
|
Batting: RHB Dani Vázquez
|
0-0: Ball 1-0: Foul Ball, location: 2F 1-1: Ball 2-1: Ball 3-1: Swinging Strike 3-2: Strikes out swinging
|
Bottom of the 7th over - 0 runs, 0 hits, 0 errors, 1 left on base; San Francisco 10 - So Cal 3 |
TOP OF THE 8TH |
San Francisco Bandits batting - Pitching for So Cal Bruins : RHP Flint Gray
|
Batting: RHB Javier Ramírez
|
0-0: Ball 1-0: Ball 2-0: Called Strike 2-1: Foul Ball, location: 2F 2-2: Foul Ball, location: 2F 2-2: Ground out 4-3 (Groundball, 4)
|
Batting: RHB Lorenzo Mota
|
0-0: Ground out U3 (Groundball, 34)
|
Batting: RHB Scott Merritt
|
0-0: Fly out, F4 (Line Drive, 4)
|
Top of the 8th over - 0 runs, 0 hits, 0 errors, 0 left on base; San Francisco 10 - So Cal 3 |
BOTTOM OF THE 8TH |
So Cal Bruins batting - Pitching for San Francisco Bandits : LHP Jesús López
|
Pitching: RHP Brad Sharpe
|
|
Now at 2B: Terry Dailey
|
|
Batting: RHB Greg King
|
0-0: Called Strike 0-1: Ball 1-1: Ball 2-1: Ball 3-1: Base on Balls
|
Batting: LHB José Antonio Santiago
|
0-0: Swinging Strike 0-1: Called Strike 0-2: Ball 1-2: Ball 2-2: SINGLE (Flyball, 6D) Greg King to second
|
Batting: RHB Earl Wiggins
|
0-0: Foul Ball, location: 2F 0-1: Foul Ball, location: 2F 0-2: Strikes out looking
|
Batting: RHB Rubén Calderón
|
0-0: Ball 1-0: Called Strike 1-1: Ball 2-1: Ball 3-1: Foul Ball, location: 2F 3-2: Foul Ball, location: 2F 3-2: Fly out, F8 (Flyball, 8LS)
|
Batting: RHB Roberto Cruz
|
0-0: Called Strike 0-1: Ball 1-1: Ball 2-1: Ball 3-1: Foul Ball, location: 2F 3-2: Single, Error in OF, E8, batter to second base Greg King scores José Antonio Santiago to third
|
Batting: RHB Pedro Mata
|
0-0: Called Strike 0-1: Ball 1-1: SINGLE (Line Drive, 7LS) José Antonio Santiago scores Roberto Cruz to third Runner from 3rd tries for Home, SAFE, no throw
|
Pitching: RHP Mitsunari Taguchi
|
|
Batting: RHB Adrian Prouse
|
0-0: Called Strike 0-1: Ball 1-1: Foul Ball, location: 2F 1-2: Strikes out swinging
|
Bottom of the 8th over - 3 runs, 3 hits, 1 error, 1 left on base; San Francisco 10 - So Cal 6 |
TOP OF THE 9TH |
San Francisco Bandits batting - Pitching for So Cal Bruins : RHP Flint Gray
|
Pitching: LHP Halewijn Tipping
|
|
Batting: RHB Peter Bishop
|
0-0: Ball 1-0: Called Strike 1-1: Called Strike 1-2: Ground out 6-3 (Groundball, 56)
|
Batting: LHB Chris Austin
|
0-0: Called Strike 0-1: Ball 1-1: Called Strike 1-2: Ball 2-2: Ground out 3-1 (Groundball, 34)
|
Batting: RHB Owen Carter
|
0-0: Foul Ball, location: 2F 0-1: Foul Ball, location: 2F 0-2: Ground out 4-3 (Groundball, 4M)
|
Top of the 9th over - 0 runs, 0 hits, 0 errors, 0 left on base; San Francisco 10 - So Cal 6 |
BOTTOM OF THE 9TH |
So Cal Bruins batting - Pitching for San Francisco Bandits : RHP Mitsunari Taguchi
|
Batting: RHB José Delgado
|
0-0: Ball 1-0: Foul Ball, location: 2F 1-1: Ball 2-1: Ball 3-1: Called Strike 3-2: Fly out, F9 (Flyball, 9S)
|
Batting: RHB Dani Vázquez
|
0-0: Ball 1-0: Ball 2-0: Foul Ball, location: 2F 2-1: Ground out 4-3 (Groundball, 4)
|
Batting: RHB Greg King
|
0-0: Ball 1-0: SINGLE (Groundball, 6D)
|
Batting: LHB José Antonio Santiago
|
0-0: SINGLE (Groundball, 3D) Greg King to second
|
Pitching: RHP Kunihiko Daikawa
|
|
Batting: RHB Earl Wiggins
|
0-0: Called Strike 0-1: Ball 1-1: Called Strike 1-2: SINGLE (Line Drive, 4MD) Greg King to third José Antonio Santiago to second
|
Batting: RHB Rubén Calderón
|
0-0: Foul Ball, location: 2F 0-1: Ball 1-1: Called Strike 1-2: Ball 2-2: Foul Ball, location: 2F 2-2: Strikes out swinging
|
Bottom of the 9th over - 0 runs, 3 hits, 0 errors, 3 left on base; San Francisco 10 - So Cal 6 |
|